[Event "Late-Titled-Tuesday-Blitz-February-06-2024"]
[Site "Chess.com"]
[Date "2024.02.06"]
[Round "10"]
[White "Bkmzzzzz"]
[Black "Chessdude1987"]
[Result "0-1"]
[WhiteElo "2404"]
[BlackElo "2329"]
[TimeControl "180+1"]
[EndTime "15:54:07 PST"]
[Termination "Chessdude1987 won by resignation"]

1. e4 e6 2. Nf3 d5 3. exd5 exd5 4. d4 Nc6 5. Bb5 Bg4 6. O-O Bd6 7. c4 a6 8. cxd5 axb5 9. dxc6 bxc6 10. h3 Bxf3 11. Qxf3 Ne7 12. Nc3 O-O 13. Ne4 Nd5 14. Bd2 Qd7 15.
a3 h6 16. Rac1 f5 17. Nc5 Bxc5 18. Rxc5 Rf6 19. Rfc1 Re8 20. Bf4 g5 21. Be5 Rg6 22.
Qh5 Ree6 23. R1c2 Kh7 24. Rc1 f4 25. Qg4 Qe8 26. Qf5 Ne7 27. Qe4 Nd5 28. Qf5 Ne7 29. Qd3 Nd5 30. b4 h5 31. Qf5 Kh6 32. Qe4 Qf7 33. f3 g4 34. hxg4 hxg4 35. Kf2 g3+ 36. Ke2 Kg5 37. Rh1 Rh6 38. Rxh6 Rxh6 39. Rc1 Rh2 40. Rg1 Nc3+ 0-1

[Event "Late-Titled-Tuesday-Blitz-February-06-2024"]
[Site "Chess.com"]
[Date "2024.02.06"]
[Round "10"]
[White "CFalcons8"]
[Black "Yushko_Olga"]
[Result "0-1"]
[WhiteElo "2344"]
[BlackElo "2224"]
[TimeControl "180+1"]
[EndTime "15:54:11 PST"]
[Termination "Yushko_Olga won by checkmate"]

1. e4 g6 2. d4 Bg7 3. Nc3 d6 4. Be3 Nf6 5. h3 Nbd7 6. Bc4 e5 7. Nge2 c6 8. g4 b5 9. Bb3 b4 10. dxe5 dxe5 11. Na4 Nxe4 12. Qd3 Nef6 13. O-O-O Qe7 14. Nc5 O-O 15. Qd6 Qxd6 16. Rxd6 Nxc5 17. Bxc5 Ne4 18. Rxc6 Bb7 19. f3 Bxc6 20. fxe4 Bxe4 21. Rf1 Rfc8 22.
Rxf7 Kh8 23. Bxb4 a5 24. Bc3 a4 25. Be6 Rf8 26. Ng3 Bg2 27. Rxg7 Rfe8 28. Bxe5 Rxe6 29.
Re7+ Rxe5 30. Rxe5 Kg7 31. h4 Bf3 32. g5 Rd8 33.
Re7+ Kf8 34. Rxh7 Rd1# 0-1

[Event "Late-Titled-Tuesday-Blitz-February-06-2024"]
[Site "Chess.com"]
[Date "2024.02.06"]
[Round "10"]
[White "BebeBonito2022"]
[Black "Attacker_2006"]
[Result "0-1"]
[WhiteElo "2319"]
[BlackElo "2481"]
[TimeControl "180+1"]
[EndTime "15:54:13 PST"]
[Termination "Attacker_2006 won on time"]

1. d4 Nf6 2. c4 e6 3. Nc3 d5 4. cxd5 exd5 5. Bg5 Bb4 6. e3 c5 7. dxc5 Qa5 8. Bxf6 gxf6 9. Ne2 Qxc5 10. a3 Bxc3+ 11.
Nxc3 Be6 12. Rc1 Nc6 13. Bb5 Rg8 14. O-O Bh3 15. g3 Bxf1 16. Qxf1 a6 17. Ba4 Kf8 18. Ne2 Qd6 19. Bxc6 bxc6 20. Nd4 c5 21. Nf5 Qe5 22. Qd3 Rg5 23. Nh6 Qe4 24. Qc3 Kg7 0-1

[Event "Late-Titled-Tuesday-Blitz-February-06-2024"]
[Site "Chess.com"]
[Date "2024.02.06"]
[Round "10"]
[White "Konavets"]
[Black "rasmussvane"]
[Result "1-0"]
[WhiteElo "3120"]
[BlackElo "2960"]
[TimeControl "180+1"]
[EndTime "15:54:15 PST"]
[Termination "Konavets won on time"]

1. e4 e5 2. Nf3 Nc6 3. Bb5 a6 4. Ba4 Nf6 5. Qe2 Be7 6. O-O b5 7. Bb3 O-O 8. c3 d5 9. d3 Bb7 10. Nbd2 Re8 11. Rd1 Bf8 12. Nf1 h6 13. Ng3 Qd7 14. h3 Rad8 15. Be3 Na5 16. Bc2 c5 17. Nh2 d4 18. Bd2 Nc6 19. Qf3 dxc3 20. bxc3 b4 21. Nf5 bxc3 22. Bxc3 Kh7 23. Bb3 Nd4 24. Bxd4 exd4 25.
Re1 Bd6 26. Nxd6 Qxd6 27. Bxf7 Rf8 28. Qf5+ Kh8 29. Qg6 Qf4 30. g3 Qd2 31. Nf3 Qxd3 32. Ne5 Qd2 33. Qf5 Rxf7 34. Nxf7+ Kg8 35. Nxd8 1-0

[Event "Late-Titled-Tuesday-Blitz-February-06-2024"]
[Site "Chess.com"]
[Date "2024.02.06"]
[Round "10"]
[White "picturesquecheck"]
[Black "OYAcosta"]
[Result "0-1"]
[WhiteElo "2381"]
[BlackElo "2214"]
[TimeControl "180+1"]
[EndTime "15:54:15 PST"]
[Termination "OYAcosta won on time"]

1. Nf3 d5 2. g3 Nf6 3. Bg2 Bf5 4. O-O e6 5. d3 c6 6. c4 Nbd7 7. Nbd2 h6 8. b3 Be7 9. Bb2 O-O 10. Re1 Bh7 11.
e4 Nc5 12. Qc2 dxe4 13. dxe4 Nd3 14. Re2 Nxb2 15. Qxb2 Qa5 16. e5 Nd7 17. Ne4 Rfd8 18. a3 Qa6 19. Rc1 Nc5 20. Nxc5 Bxc5 21. b4 Bb6 22. c5 Bc7 23. Rce1 Rd3 24. Nd2 Rad8 25.
Nb1 Rd1 26. Bf1 Bxb1 27. Qb3 Qd3 28. Qa4 a6 29. Re3 Qc2 0-1

[Event "Late-Titled-Tuesday-Blitz-February-06-2024"]
[Site "Chess.com"]
[Date "2024.02.06"]
[Round "10"]
[White "GoValya"]
[Black "shirovin"]
[Result "1-0"]
[WhiteElo "2287"]
[BlackElo "2099"]
[TimeControl "180+1"]
[EndTime "15:54:15 PST"]
[Termination "GoValya won on time"]

1. d4 Nf6 2. g3 g6 3. Bg2 Bg7 4.
c4 c6 5. Nc3 d5 6. Nf3 O-O 7.
O-O dxc4 8. Ne5 Ng4 9. f4 Nxe5 10. fxe5 Bg4 11. h3 Be6 12. e4 Qc8 13. Kh2 Rd8 14. d5 Bxe5 15. Qe2 Bd7 16. Qxc4 cxd5 17. Qxd5 Bf6 18. e5 Bc6 19. Qb3 Bxg2 20. Kxg2 Qc6+ 21. Kh2 Bxe5 22. Qxf7+ Kh8 23. Qxe7 Nd7 24. Rf7 Bxg3+ 25.
Kxg3 Qc7+ 26. Bf4 Re8 27. Rxh7+ 1-0

[Event "Late-Titled-Tuesday-Blitz-February-06-2024"]
[Site "Chess.com"]
[Date "2024.02.06"]
[Round "10"]
[White "kai_nov"]
[Black "frequentblunders"]
[Result "1-0"]
[WhiteElo "2309"]
[BlackElo "2160"]
[TimeControl "180+1"]
[EndTime "15:54:16 PST"]
[Termination "kai_nov won by checkmate"]

1. d4 e6 2. Nc3 c5 3. d5 Nf6 4. e4 d6 5. Nf3 e5 6. Be2 Be7 7. O-O a6 8. a4 O-O 9. Nd2 Ne8 10. Nc4 f5 11. f4 fxe4 12. Nxe4 exf4 13. Bxf4 Bf5 14.
Ng3 Nd7 15. Nxf5 Rxf5 16. Bg4 Rf8 17. Be6+ Kh8 18. Qg4 Ndf6 19. Qh3 b5 20. Ne3 Nc7 21.
Nf5 Ncxd5 22. Bh6 gxh6 23. Qxh6 Rg8 24. Bxg8 Nxg8 25. Qg7# 1-0

[Event "Late-Titled-Tuesday-Blitz-February-06-2024"]
[Site "Chess.com"]
[Date "2024.02.06"]
[Round "10"]
[White "PNEPaul"]
[Black "boguszp"]
[Result "1-0"]
[WhiteElo "1886"]
[BlackElo "2032"]
[TimeControl "180+1"]
[EndTime "15:54:20 PST"]
[Termination "PNEPaul won on time"]

1. e4 c6 2. d4 d5 3. Nc3 dxe4 4.
Nxe4 Bf5 5. Ng3 Bg6 6. Nf3 Nd7 7. h4 h6 8. h5 Bh7 9. Bd3 Bxd3 10. Qxd3 Ngf6 11.
Bd2 e6 12. O-O-O Be7 13. Qe2 O-O 14. Ne5 c5 15. Nxd7 Nxd7 16. Be3 Qc7 17. Qg4 Nf6 18. Qf3 cxd4 19. Bxd4 Rad8 20. Bc3 Rxd1+ 21. Rxd1 Rd8 22. Rxd8+ Bxd8 23. Bxf6 Bxf6 24. c3 Bg5+ 25. Kc2 Qc6 26. Qxc6 bxc6 27. Ne4 Be7 28. c4 g6 29. hxg6 fxg6 30. c5 g5 31. Kd3 Kf8 32. Kd4 Ke8 33. Ke5 Kd7 34. b4 Bd8 35. Nf6+ Bxf6+ 36. Kxf6 a6 37.
g4 a5 38. bxa5 1-0

[Event "Late-Titled-Tuesday-Blitz-February-06-2024"]
[Site "Chess.com"]
[Date "2024.02.06"]
[Round "10"]
[White "h4parah5"]
[Black "Witik"]
[Result "1-0"]
[WhiteElo "2957"]
[BlackElo "2754"]
[TimeControl "180+1"]
[EndTime "15:54:22 PST"]
[Termination "h4parah5 won by resignation"]

1. Nf3 Nf6 2. c4 c6 3. e3 d5 4.
Nc3 e6 5. b3 Bd6 6. Bb2 a6 7. d4 b5 8. Bd3 Nbd7 9. O-O Bb7 10. c5 Bc7 11. Qc2 O-O 12. b4 Re8 13. e4 dxe4 14. Nxe4 Nxe4 15. Bxe4 Nf6 16. Bd3 h6 17.
Rfe1 a5 18. a3 Nd5 19. Qb3 Qf6 20. Ne5 axb4 21. axb4 Rxa1 22. Rxa1 Nf4 23. Bf1 Qg5 24. g3 Bxe5 25. dxe5 Nd5 26. Ra7 Bc8 27. h4 Qd8 28. Bc1 Bd7 29. Bd2 Qc8 30. Qf3 Re7 31. Qe4 Be8 32. Ra3 f5 33. exf6 Nxf6 34. Qe5 Bg6 35.
Bg2 Kh7 36. Ra6 Rd7 37. Rxc6 Qd8 38. Rd6 Rxd6 39. cxd6 Bf5 40. Bf4 Nd7 41. Qxb5 Qf6 42. Qxd7 1-0

[Event "Late-Titled-Tuesday-Blitz-February-06-2024"]
[Site "Chess.com"]
[Date "2024.02.06"]
[Round "10"]
[White "YouShallNotPass001"]
[Black "chenxiaoyuer"]
[Result "0-1"]
[WhiteElo "2487"]
[BlackElo "2751"]
[TimeControl "180+1"]
[EndTime "15:54:22 PST"]
[Termination "chenxiaoyuer won by checkmate"]

1. Nf3 Nf6 2. e3 g6 3. c4 Bg7 4. Be2 O-O 5. O-O d6 6. Qc2 e5 7.
d3 a5 8. a3 Re8 9. Nbd2 Nbd7 10.
b3 Nc5 11. Bb2 Bf5 12. b4 axb4 13.
axb4 Ncd7 14. e4 Bg4 15. h3 Bxf3 16. Bxf3 Nf8 17. g3 Ne6 18. Nb3 Qd7 19. Bg2 h5 20. h4 c6 21. Bh3 Qe7 22. c5 Ng4 23. Rxa8 Rxa8 24. Ra1 Rd8 25. Bxg4 hxg4 26. Qe2 f5 27. h5 Qg5 28. hxg6 f4 29. d4 Qh5 30. Qc4 d5 31. exd5 cxd5 32. Qf1 Ng5 33. Qg2 Nh3+ 34. Kf1 f3 35. Qh1 Qxg6 36. Ke1 Qc2 37. Nd2 Qxb2 38. Rb1 Qxd4 39. Qf1 e4 40. Rb3 Re8 41. Kd1 e3 42. fxe3 Rxe3 43. Kc2 Rxb3 44. Nxb3 Qc4+ 45. Qxc4 dxc4 46.
Nd2 f2 47. b5 Kf7 48. c6 bxc6 49. b6 Be5 50. Nf1 Ke6 51. Ne3 Bxg3 52. Kd2 Bf4 53.
Ke2 Bxe3 54. b7 Ba7 55. Kf1 Bb8 56. Kg2 c3 57. Kf1 c2 58. Kg2 f1=Q+ 59. Kxf1 c1=Q+ 60. Kg2 Qg1# 0-1

[Event "Late-Titled-Tuesday-Blitz-February-06-2024"]
[Site "Chess.com"]
[Date "2024.02.06"]
[Round "10"]
[White "JoakimVonAnd"]
[Black "ContrVersia"]
[Result "0-1"]
[WhiteElo "2670"]
[BlackElo "2840"]
[TimeControl "180+1"]
[EndTime "15:54:23 PST"]
[Termination "ContrVersia won by resignation"]

1. d4 Nf6 2. c4 g6 3. Nc3 Bg7 4. e4 d6 5. h3 O-O 6. Be3 Nbd7 7. Nf3 e5 8. d5 Nc5 9. Nd2 a5 10. g4 a4 11. Be2 c6 12. h4 Qa5 13. Kf1 a3 14. Qc2 axb2 15. Qxb2 Bxg4 16. Nb3 Qb4 17. Bxc5 Bxe2+ 18. Qxe2 dxc5 19. Rc1 Nh5 20. Qe3 Qxc4+ 21. Ne2 Qa6 22. Nxc5 Qxa2 23. d6 Ra3 24. Rc3 Rxc3 25. Qxc3 Nf4 26. Nxf4 exf4 27. Qd3 f3 28. Qxf3 Qc4+ 29.
Nd3 Rd8 30. Qg3 Qxe4 31. Rg1 Qd5 32. h5 Rxd6 33. hxg6 Qxd3+ 34. Qxd3 Rxd3 35. gxh7+ Kxh7 36. Ke2 Rb3 37. Rh1+ Kg8 38. Rg1 c5 39. Rd1 c4 40.
Rd8+ Kh7 41. Rd7 Rb2+ 42. Ke3 Kg6 43. Rc7 c3 0-1

[Event "Late-Titled-Tuesday-Blitz-February-06-2024"]
[Site "Chess.com"]
[Date "2024.02.06"]
[Round "10"]
[White "ACollins05"]
[Black "Karttunen"]
[Result "1-0"]
[WhiteElo "2462"]
[BlackElo "2616"]
[TimeControl "180+1"]
[EndTime "15:54:24 PST"]
[Termination "ACollins05 won by resignation"]

1. d4 Nf6 2. c4 g6 3. Nc3 d5 4. Nf3 c6 5. Bf4 Bg7 6. e3 O-O 7. h3 Bf5 8. Qb3 Qb6 9. Be2 Nbd7 10. O-O Qxb3 11. axb3 a6 12. g4 Bc2 13. Nd2 h6 14.
Rfc1 g5 15. Bxg5 hxg5 16. Rxc2 e5 17. Nf3 exd4 18. Nxd4 dxc4 19. Bxc4 Rfe8 20. Nf5 Bf8 21. Rd1 Ne5 22. Kg2 Ng6 23. Rcd2 Rac8 24. Kg3 Rc7 25. Rd8 Rc8 26. Rxc8 Rxc8 27. f4 Re8 28. fxg5 Nh7 29. h4 b5 30. Be2 Ne7 31. Kf2 b4 32. Na4 Nd5 33. Bf3 Re5 34. Bxd5 cxd5 35. Nb6 Re4 36. Kf3 Re8 37. Nxd5 Bc5 38. e4 Nf8 39. Nf6+ Kh8 40. Nxe8 Ng6 41. Nf6 1-0

[Event "Late-Titled-Tuesday-Blitz-February-06-2024"]
[Site "Chess.com"]
[Date "2024.02.06"]
[Round "10"]
[White "Seochesspie"]
[Black "dennisodessa"]
[Result "1/2-1/2"]
[WhiteElo "2777"]
[BlackElo "2608"]
[TimeControl "180+1"]
[EndTime "15:54:26 PST"]
[Termination "Game drawn by repetition"]

1. e4 e6 2. d4 d5 3. Nc3 Bb4 4. e5 c5 5. a3 Ba5 6. b4 cxd4 7.
Nb5 Bc7 8. f4 Bd7 9. Nf3 Ne7 10.
Nfxd4 O-O 11. Nxc7 Qxc7 12. Be3 Ba4 13. Bd3 Nbc6 14. Nxc6 Qxc6 15. O-O Bb5 16. Bc5 Rfe8 17. Qe2 Bxd3 18. cxd3 b6 19. Bxe7 Rxe7 20. Rfc1 Qb7 21. Rc3 Rc7 22. Rac1 Rac8 23. Qd2 g6 24. g3 h5 25. Kf2 Kf8 26. R1c2 Ke7 27. Qc1 Kd7 28. Ke3 Rxc3 29. Rxc3 Rxc3 30. Qxc3 Qc6 31. Qxc6+ Kxc6 32. a4 a5 33. bxa5 bxa5 34. d4 Kd7 35. Kf3 Ke7 36. Kg2 f6 37. exf6+ Kxf6 38. Kf3 Ke7 39. h3 Kf6 40. g4 hxg4+ 41. hxg4 Kf7 42. Kg3 Kg7 43. Kh4 Kf6 44. Kh3 Kf7 45. Kg2 Kg7 46. Kf1 Kf7 47. Ke1 Kf6 48. Ke2 Kf7 49. Kd2 Kg7 50. Ke3 Kf7 51. Kf3 Kg7 52. Kg3 Kf7 53. Kh3 Kg7 54. Kg2 Kf7 55. Kf3 Kg7 56. Ke3 Kf7 57. Ke2 Kg7 58. Kf2 Kf7 59. Kg3 Kg7 60. Kh4 Kf6 61. Kh3 Kf7 62. Kg3 1/2-1/2

[Event "Late-Titled-Tuesday-Blitz-February-06-2024"]
[Site "Chess.com"]
[Date "2024.02.06"]
[Round "10"]
[White "Payyappat"]
[Black "Ducke13"]
[Result "1-0"]
[WhiteElo "2539"]
[BlackElo "2318"]
[TimeControl "180+1"]
[EndTime "15:54:26 PST"]
[Termination "Payyappat won on time"]

1. e4 c5 2. Nf3 d6 3. d4 cxd4 4. Nxd4 Nf6 5. Nc3 a6 6. h4 e5 7. Nb3 Be6 8. f4 exf4 9. Bxf4 Nc6 10. Qd2 Ne5 11. O-O-O Nfd7 12. g3 Be7 13. Nd4 O-O 14.
Bh3 Bxh3 15. Rxh3 Rc8 16. Nf5 Rc6 17. Nd5 Bf6 18. Nxf6+ Nxf6 19. Bxe5 Nxe4 20. Qd4 Rxc2+ 21. Kxc2 Qc8+ 22. Kb3 Qxf5 23. Bxg7 Nc5+ 24. Ka3 Qxh3 25. Bxf8 Qxg3+ 26. b3 Kxf8 27. Qxd6+ Qxd6 28. Rxd6 Kg7 29. Rb6 f5 30. Kb4 Nd3+ 31. Kc3 Nc5 32. Kd4 f4 33. Kxc5 f3 34. Rb4 1-0

[Event "Late-Titled-Tuesday-Blitz-February-06-2024"]
[Site "Chess.com"]
[Date "2024.02.06"]
[Round "10"]
[White "Pachonpower"]
[Black "lluiss"]
[Result "1-0"]
[WhiteElo "2296"]
[BlackElo "2157"]
[TimeControl "180+1"]
[EndTime "15:54:26 PST"]
[Termination "Pachonpower won on time"]

1. e4 e6 2. c4 c5 3. Nc3 Nc6 4. Nf3 Nf6 5. g3 a6 6. Bg2 d6 7. O-O Be7 8. d3 O-O 9. Re1 Ne5 10. Nxe5 dxe5 11. Qc2 Nd7 12. Be3 Bg5 13. f4 exf4 14. gxf4 Bh4 15. Rf1 Rb8 16. Rf3 b6 17. Raf1 Bb7 18.
Rh3 Bf6 19. a4 Bd4 20. Bxd4 cxd4 21. Ne2 Nf6 22. Rff3 Qd6 23. e5 Qb4 24. exf6 Bxf3 25.
Bxf3 b5 26. fxg7 Rfc8 27. axb5 axb5 28. Be4 bxc4 29. dxc4 Rxc4 30. Bxh7+ Kxg7 31. Rg3+ Kf6 32. Qe4 Rb5 33. f5 Qe1+ 34. Kg2 Rxb2 35. Qh4+ Ke5 36. Qf4+ Kd5 37. Qf3+ 1-0

[Event "Late-Titled-Tuesday-Blitz-February-06-2024"]
[Site "Chess.com"]
[Date "2024.02.06"]
[Round "10"]
[White "Eloist"]
[Black "GlavkonVVS"]
[Result "0-1"]
[WhiteElo "2441"]
[BlackElo "2617"]
[TimeControl "180+1"]
[EndTime "15:54:27 PST"]
[Termination "GlavkonVVS won by resignation"]

1. e4 Nf6 2. e5 Nd5 3. d4 d6 4.
Nf3 Bg4 5. Be2 e6 6. c4 Nb6 7.
h3 Bh5 8. exd6 cxd6 9. Nc3 Be7 10.
d5 e5 11. g4 Bg6 12. h4 h5 13. g5 N8d7 14. Be3 Rc8 15. Nd2 Nc5 16. Nf1 Nbd7 17. Ng3 Qb6 18. b3 Qa5 19. Rc1 b5 20. cxb5 Nd3+ 21.
Bxd3 Rxc3 22. Rxc3 Qxc3+ 23. Ke2 Qb4 24. Bc4 Qa3 25.
Qd2 Nb6 26. Bxb6 axb6 27. Rf1 f6 28. f4 exf4 29. Rxf4 fxg5 30. Rf2 gxh4 31. Nf5 Bxf5 32. Rxf5 h3 33. Kd3 g6 34. Rf3 Rf8 35. Rxf8+ Kxf8 36. Qf4+ Kg7 37. Qe4 Bf6 38. Qe6 Qc5 39. Qd7+ Kh6 40. Qxh3 Qd4+ 41. Ke2 Qe4+ 42. Qe3+ Qxe3+ 43. Kxe3 g5 44. Kf2 g4 45. a4 Bc3 46. Bd3 Kg5 47. Bh7 h4 48. Bg8 h3 49. Be6 Kf4 50. Bd7 g3+ 51.
Kg1 Bd4+ 52. Kf1 g2+ 0-1

[Event "Late-Titled-Tuesday-Blitz-February-06-2024"]
[Site "Chess.com"]
[Date "2024.02.06"]
[Round "10"]
[White "EsmeraldasAnderson03"]
[Black "Viktor_Poddubnyi"]
[Result "1-0"]
[WhiteElo "2401"]
[BlackElo "2280"]
[TimeControl "180+1"]
[EndTime "15:54:27 PST"]
[Termination "EsmeraldasAnderson03 won on time"]

1. d4 g6 2. e4 Bg7 3. Nc3 d6 4.
Be3 a6 5. a4 Nc6 6. Nf3 Nf6 7.
Bc4 O-O 8. h3 Nxe4 9. Bxf7+ Rxf7 10. Nxe4 h6 11. O-O Kh7 12. Re1 e5 13. d5 Ne7 14. c4 Nf5 15. Bd2 Nh4 16. Nxh4 Qxh4 17. Ra3 Bf5 18. Ng3 Raf8 19. Rc3 Bc8 20. Be3 e4 21.
Bd4 Bxd4 22. Qxd4 Rxf2 23. Rxe4 R2f4 24. Rce3 Rxe4 25. Qxe4 Qxe4 26. Rxe4 Kg7 27. Ne2 Bf5 28. Re3 a5 29. Nd4 Bd7 30. b3 b6 31. g4 Kf7 32.
Kg2 Re8 33. Rxe8 Kxe8 34. Kf3 Kf7 35. Kf4 Kf6 36. Nf3 g5+ 37. Kg3 Kg6 38. Ne1 Kf6 39.
Nd3 Kg6 40. Kf3 h5 41. Nf2 1-0

[Event "Late-Titled-Tuesday-Blitz-February-06-2024"]
[Site "Chess.com"]
[Date "2024.02.06"]
[Round "10"]
[White "Vicmary2005"]
[Black "GAusal"]
[Result "0-1"]
[WhiteElo "2039"]
[BlackElo "2284"]
[TimeControl "180+1"]
[EndTime "15:54:27 PST"]
[Termination "GAusal won by checkmate"]

1. e4 c5 2. Nf3 e6 3. c3 Nc6 4. d4 cxd4 5. cxd4 d5 6. e5 Nge7 7. a3 Ng6 8. Bd3 Be7 9. O-O O-O 10. b4 a6 11. Nc3 Bd7 12. Be3 Na7 13. Rc1 Rc8 14.
g3 Qb6 15. h4 Bb5 16. Nxb5 Nxb5 17. Bxg6 fxg6 18. Rxc8 Rxc8 19. a4 Na3 20. Bg5 Bxb4 21. h5 gxh5 22. Be3 Nc4 23. Ng5 g6 24. g4 h4 25. Qf3 Rf8 26. Qh3 Be7 27. Qxh4 Bxg5 28.
Qxg5 Qd8 29. Qh6 Nxe3 30. Qxe3 Qh4 31. f3 Qg3+ 32. Kh1 Rf4 33. a5 h5 34. Rg1 Qh3# 0-1

[Event "Late-Titled-Tuesday-Blitz-February-06-2024"]
[Site "Chess.com"]
[Date "2024.02.06"]
[Round "10"]
[White "IranianCheetah"]
[Black "HajiyevKanan"]
[Result "0-1"]
[WhiteElo "2360"]
[BlackElo "2586"]
[TimeControl "180+1"]
[EndTime "15:54:28 PST"]
[Termination "HajiyevKanan won on time"]

1. e4 c6 2. d4 d5 3. Nd2 a6 4. Ngf3 b5 5. c3 Bg4 6. h3 Bh5 7. Be2 e6 8. O-O Nf6 9. e5 Nfd7 10. a4 Be7 11. axb5 cxb5 12. Bxb5 O-O 13. Bd3 Qb6 14. Qc2 Bg6 15. Bxg6 hxg6 16. b4 Nc6 17. Nb3 Rfc8 18. Nc5 Rc7 19. Bg5 Bf8 20. Qd3 a5 21. b5 Ncxe5 22.
Nxe5 Nxe5 23. dxe5 Bxc5 24. Ra4 Rb8 25. Rfa1 Bxf2+ 26.
Kf1 Bg1 27. Qe2 Rxc3 28. Rxa5 Bd4 29. Ra6 Qxb5 30. Qxb5 Rxb5 31. Ra8+ Kh7 32. Rf8 Rc8 33. Rxc8 Bxa1 34. Rf8 Rb7 35. Bf4 g5 36. Bh2 Kg6 37. g4 Rb1+ 38. Kg2 Rb2+ 39. Kh1 Re2 40. Ra8 Bxe5 0-1

[Event "Late-Titled-Tuesday-Blitz-February-06-2024"]
[Site "Chess.com"]
[Date "2024.02.06"]
[Round "10"]
[White "Rutricks"]
[Black "sotochess"]
[Result "0-1"]
[WhiteElo "2720"]
[BlackElo "2579"]
[TimeControl "180+1"]
[EndTime "15:54:29 PST"]
[Termination "sotochess won by resignation"]

1. c4 Nf6 2. g3 g6 3. Bg2 Bg7 4. Nf3 O-O 5. O-O d6 6. d4 Bf5 7. Qb3 Bc8 8. Nc3 Nc6 9. e4 Nd7 10. Be3 Na5 11. Qa4 c5 12. Rad1 b6 13. e5 cxd4 14.
Bxd4 Nc5 15. Bxc5 bxc5 16. exd6 exd6 17. Nb5 Bd7 18. Qc2 Bxb5 19. cxb5 Qb6 20. Ng5 Rab8 21. b3 Qxb5 22. Rxd6 c4 23. Rd5 Qb4 24. bxc4 Nxc4 25. Rd7 a5 26. a3 Nxa3 27. Qa2 Qb3 28. Qxb3 Rxb3 29. Bd5 Rb5 30. Bxf7+ Kh8 31. Ne6 Rfb8 32. Nxg7 R5b7 33. Rfd1 Rxd7 34. Rxd7 Kxg7 35. Ra7 Nb5 36. Bc4+ Nxa7 0-1

[Event "Late-Titled-Tuesday-Blitz-February-06-2024"]
[Site "Chess.com"]
[Date "2024.02.06"]
[Round "10"]
[White "krzyzan94"]
[Black "TimGrutter03"]
[Result "1-0"]
[WhiteElo "2797"]
[BlackElo "2610"]
[TimeControl "180+1"]
[EndTime "15:54:31 PST"]
[Termination "krzyzan94 won on time"]

1. d4 Nf6 2. Bf4 c5 3. d5 e6 4. Nc3 d6 5. dxe6 fxe6 6. e4 Nc6 7. Nf3 e5 8. Bg5 Nd4 9. Nxd4 cxd4 10. Nd5 Be7 11.
Bb5+ Bd7 12. Bxf6 Bxf6 13. Qh5+ Kf8 14. Bxd7 Qxd7 15. O-O Qf7 16. Qh3 Kg8 17. f4 Rf8 18. fxe5 dxe5 19. Rf5 h5 20. Raf1 Rh6 21. Qg3 Kh7 22.
Nxf6+ gxf6 23. Qf3 Qg6 24. Rxe5 Rf7 25. Rf5 h4 26. e5 h3 27. g3 Qg8 28. exf6 Qe8 29. Qd3 Rg6 30. Rh5+ 1-0

[Event "Late-Titled-Tuesday-Blitz-February-06-2024"]
[Site "Chess.com"]
[Date "2024.02.06"]
[Round "10"]
[White "Teidi96"]
[Black "HaryKane"]
[Result "0-1"]
[WhiteElo "2364"]
[BlackElo "2563"]
[TimeControl "180+1"]
[EndTime "15:54:31 PST"]
[Termination "HaryKane won on time"]

1. e4 g6 2. d4 Bg7 3. Nc3 d6 4. Be3 Nf6 5. f3 O-O 6. Qd2 Re8 7. Bh6 Bh8 8. h4 c5 9. Nge2 cxd4 10. Nxd4 Nc6 11. Nb3 a5 12. h5 a4 13. Nc1 a3 14.
b3 d5 15. hxg6 fxg6 16. exd5 Nb4 17. Bc4 Bf5 18. d6+ e6 19. Nd3 Rc8 20. Nxb4 Qa5 21. Nd3 Nd5 22. Nxd5 exd5+ 23. Kd1 Qxd2+ 24. Kxd2 dxc4 25.
bxc4 Rxc4 26. Rae1 Rd8 27. Re7 Bc3+ 28. Kd1 Rxd6 29.
Bd2 Bf6 30. Rxb7 Bxd3 31. cxd3 Rxd3 32. Ke2 Rd8 33. Rhxh7 Rc2 34. Rhd7 Rxd7 35. Rxd7 Rxa2 36. Kd1 Rb2 37. Ra7 a2 38. Ke2 Bc3 39. Kd3 Bxd2 40. g4 Bg5 0-1

[Event "Late-Titled-Tuesday-Blitz-February-06-2024"]
[Site "Chess.com"]
[Date "2024.02.06"]
[Round "10"]
[White "mr_gustavo"]
[Black "sergiochess83"]
[Result "1/2-1/2"]
[WhiteElo "2727"]
[BlackElo "2914"]
[TimeControl "180+1"]
[EndTime "15:54:32 PST"]
[Termination "Game drawn by repetition"]

1. d4 Nf6 2. c4 e6 3. Nf3 d5 4.
g3 dxc4 5. Bg2 Bb4+ 6. Bd2 a5 7. O-O O-O 8. Bg5 Ra6 9. Qc2 b5 10. a4 c6 11. Nc3 Rb6 12. Rfd1 h6 13. Bxf6 Qxf6 14.
Ne5 Rd8 15. e3 Qe7 16. h4 Bb7 17. Rac1 Nd7 18. Nxd7 Rxd7 19. Ne4 Bc8 20. b3 cxb3 21. Qxb3 Rd8 22. Rc2 bxa4 23. Qxa4 Ba6 24. Rdc1 Bd3 25. Ra2 e5 26. dxe5 Qxe5 27. Rd1 Rbb8 28. Qxc6 Bb5 29. Rxd8+ Rxd8 30. Qb6 Rb8 31. Qa7 Rc8 32. Qb7 Rb8 33. Qa7 Rc8 34. Qb7 Rb8 35. Qa7 1/2-1/2

[Event "Late-Titled-Tuesday-Blitz-February-06-2024"]
[Site "Chess.com"]
[Date "2024.02.06"]
[Round "10"]
[White "falzehope0"]
[Black "mbojan"]
[Result "0-1"]
[WhiteElo "2370"]
[BlackElo "2811"]
[TimeControl "180+1"]
[EndTime "15:54:32 PST"]
[Termination "mbojan won on time"]

1. d4 Nf6 2. e3 g6 3. Bd3 Bg7 4.
f4 d6 5. Nf3 c5 6. O-O O-O 7. c3 b6 8. Qe1 Bb7 9. f5 Be4 10. Bxe4 Nxe4 11. fxg6 hxg6 12. Qh4 d5 13. Nbd2 Bf6 14. Qh6 Nd7 15. Nxe4 dxe4 16. Ng5 Bxg5 17. Qxg5 Nf6 18. b3 cxd4 19. cxd4 Qd5 20. Qg3 Rac8 21. Rf2 Qe6 22. d5 Qg4 23. Qe5 Qd1+ 24. Rf1 Qxd5 25. Qxe7 Ng4 26. h3 Rxc1 27. Raxc1 Nxe3 28. Rf2 Nf5 29. Qf6 e3 30. Re2 Re8 31. Rce1 Qd3 32.
Qg5 Qd6 33. h4 Kg7 34. h5 Qe5 35. hxg6 fxg6 36. Rf1 Ng3 37. Qxe5+ Rxe5 38. Rfe1 Nxe2+ 39. Rxe2 Kf6 40. g3 Kf5 41. Kg2 Ke4 42. Re1 Kd3 43.
Kf3 Rf5+ 44. Kg4 e2 45. Rc1 Kd2 46. Rc8 e1=Q 47. Rd8+ Kc2 48. Rc8+ Kb2 49. Rc2+ Kxc2 50. a4 Qe2+ 0-1

[Event "Late-Titled-Tuesday-Blitz-February-06-2024"]
[Site "Chess.com"]
[Date "2024.02.06"]
[Round "10"]
[White "Harsha_Bharathakoti"]
[Black "jefferyx"]
[Result "1-0"]
[WhiteElo "2938"]
[BlackElo "3002"]
[TimeControl "180+1"]
[EndTime "15:54:33 PST"]
[Termination "Harsha_Bharathakoti won by resignation"]

1. Nf3 c5 2. c4 Nf6 3. Nc3 d5 4.
cxd5 Nxd5 5. e4 Nb4 6. Bc4 Nd3+ 7.
Ke2 Nf4+ 8. Kf1 Nd3 9. Ke2 Nf4+ 10. Kf1 Ne6 11. h4 Nc6 12. d3 h5 13. Be3 Ned4 14. Bxd4 cxd4 15. Ne2 e6 16. Bb5 Bd7 17. Bxc6 Bxc6 18.
Nexd4 Bd7 19. Ne5 Qb6 20. Nxd7 Qxd4 21. Nxf8 Kxf8 22. Qb3 g6 23. Rc1 Kg7 24. Rc4 Qf6 25. Rh3 Rac8 26. Rf3 Rxc4 27. Rxf6 Rc1+ 28. Ke2 Kxf6 29. Qxb7 Rhc8 30. Qxa7 R8c2+ 31. Kf3 e5 32. Qb6+ Ke7 33. Qb4+ Ke6 34. Qb6+ Ke7 35. a4 Rb1 36.
b4 Rb3 37. Qb5 Kf6 38. a5 Rd2 39. g3 Rbb2 40. Qb6+ Kg7 41. a6 Rxd3+ 42. Kg2 Ra2 43. b5 Rdd2 44. Qc5 Kh7 45. a7 1-0

[Event "Late-Titled-Tuesday-Blitz-February-06-2024"]
[Site "Chess.com"]
[Date "2024.02.06"]
[Round "10"]
[White "stepanosinovsky"]
[Black "edgarhay012"]
[Result "0-1"]
[WhiteElo "2394"]
[BlackElo "2593"]
[TimeControl "180+1"]
[EndTime "15:54:33 PST"]
[Termination "edgarhay012 won on time"]

1. e4 b6 2. d4 Bb7 3. Bd3 e6 4. Nf3 c5 5. O-O Nf6 6. Nc3 cxd4 7. Nxd4 Nc6 8. Nxc6 Bxc6 9. e5 Nd5 10. Ne4 d6 11. exd6 Bxd6 12. Qg4 O-O 13. Bh6 Be5 14. Rad1 f5 15. Qh3 fxe4 16. Qxe6+ Kh8 17. Qxe5 Qf6 18. Bxg7+ Qxg7 19. Qxg7+ Kxg7 20. Bxe4 Rad8 21. c3 Ne7 22. Bxc6 Nxc6 23. g3 Ne5 24. f4 Nc4 25. Rxd8 Rxd8 26. Rf2 Rd1+ 27. Kg2 Rb1 28. b3 Nd6 29. Re2 Kf6 30.
g4 Rc1 31. c4 b5 32. cxb5 Nxb5 33. g5+ Kf7 34. h4 Nd4 35. Rd2 Nf5 36. h5 Ke6 37.
Re2+ Kf7 38. Re5 Rc2+ 39. Kf3 Nd4+ 40. Ke4 Nc6 41. Rb5 Re2+ 42. Kf5 Nd4+ 43. Kg4 Nxb5 0-1